 Dungeon Crawl Stone Soup version 0.29-a0-1008-g949cc1d0fb (webtiles) character file.

Game seed: 16591514333448049921

394 drpainis the Sneak (level 6, -5/28 HPs)
             Began as a Spriggan Enchanter on Aug 7, 2022.
             Was an Initiate of Yredelemnul.
             Killed from afar by a steam dragon (12 damage)
             ... with a ball of steam
             ... on level 5 of the Dungeon.
             The game lasted 00:15:17 (5555 turns).

drpainis the Sneak (Spriggan Enchanter)             Turns: 5555, Time: 00:15:17

Health: -5/28      AC:  8    Str:  4    XL:     6   Next: 51%
Magic:  13/13      EV: 19    Int: 17    God:    Yredelemnul [......]
Gold:   263        SH:  0    Dex: 21    Spells: 4/13 levels left

rFire   . . .      SeeInvis +   x - staff of death
rCold   + . .      Faith    .   (shield currently unavailable)
rNeg    + . .      Spirit   .   p - +2 robe of the Modern Tusks {rElec rC+ Will+ Dex+4}
rPois   .          Reflect  .   (helmet restricted)
rElec   +          Harm     .   (no cloak)
rCorr   .          Rampage  .   (gloves unavailable)
Will    ++...                   (boots unavailable)
Stlth   ++++......              k - amulet of magic regeneration
HPRegen 0.09/turn               d - +4 ring of protection
MPRegen 0.53/turn               (no ring)

@: very quick
A: very small, no large weapons, unfitting armour, see invisible, speed 3
a: Renounce Religion, Recall Undead Harvest


You were on level 5 of the Dungeon.
You worshipped Yredelemnul.
Yredelemnul was noncommittal.
You visited 1 branch of the dungeon, and saw 5 of its levels.

You collected 263 gold pieces.

Inventory:

Hand Weapons
 a - a +1 dagger
Armour
 b - a +0 robe
 p - the +2 robe of the Modern Tusks (worn) {rElec rC+ Will+ Dex+4}
   (You found it on level 3 of the Dungeon)

   Dex:       It affects your dexterity (+4).
   rC:        It protects you from cold.
   rElec:     It insulates you from electricity.
   Will:      It increases your willpower.
Magical Staves
 x - a staff of death (weapon)
Jewellery
 d - a +4 ring of protection (left hand)
 k - an amulet of magic regeneration (around neck)
 m - an amulet of faith
 s - an amulet of the acrobat
 z - a ring of see invisible
Scrolls
 e - a scroll of immolation {unknown}
 h - 2 scrolls of poison
 i - a scroll of enchant armour {unknown}
 j - 2 scrolls of fear {unknown}
 l - a scroll of blinking {unknown}
 n - 3 scrolls of teleportation
 o - a scroll of magic mapping {unknown}
 t - 2 scrolls of fog {unknown}
 u - a scroll of enchant weapon {unknown}
 v - 2 scrolls of amnesia
 w - a scroll of vulnerability {unknown}
 y - a scroll of identify
Potions
 c - 2 potions of invisibility
 f - 2 potions of attraction {unknown}
 g - 2 potions of brilliance {unknown}
 q - a potion of ambrosia {unknown}
 r - a potion of curing {unknown}


   Skills:
 + Level 0.1 Fighting
 + Level 2.0 Short Blades
 + Level 3.9 Dodging
 + Level 7.1 Stealth
 + Level 4.3 Spellcasting
 + Level 5.1 Hexes
 + Level 0.5 Necromancy
 + Level 1.6 Ice Magic
 + Level 0.1 Invocations


You had 4 spell levels left.
You knew the following spells:

 Your Spells              Type           Power      Damage    Failure   Level
a - Ensorcelled Hibernat  Hex/Ice        30%        N/A       5%          2
b - Confusing Touch       Hex            21%        N/A       5%          3
c - Tukima's Dance        Hex            21%        N/A       5%          3
d - Necrotise             Necr           32%        1d5       12%         1

Your spell library contained the following spells:

 Spells                   Type           Power      Damage    Failure   Level
 Apportation              Tloc           6%         N/A       16%         1
 Magic Dart               Conj           12%        1d3       16%         1
 Summon Small Mammal      Summ           12%        N/A       16%         1
 Dazzling Flash           Conj/Hex       24%        N/A       16%         3
 Call Imp                 Summ           3%         N/A       22%         2
 Mephitic Cloud           Conj/Pois/Air  3%         N/A       41%         3
 Summon Ice Beast         Ice/Summ       6%         N/A       73%         4
 Summon Mana Viper        Hex/Summ       12%        N/A       82%         5
 Monstrous Menagerie      Summ           1%         N/A       100%        7


Dungeon Overview and Level Annotations

Branches:
Dungeon (5/15)
 Temple: D:4-7

Altars:
Dithmenos
Yredelemnul


Innate Abilities, Weirdness & Mutations

You are very small and have problems with some larger weapons.
You are too small for most types of armour.
You have supernaturally acute eyesight. (SInv)
You cover ground extremely quickly. (Speed+++)


Message History

z - a ring of see invisible You open the door.
There is an open door here.
There is an open door here.
You now have 263 gold pieces (gained 14).
There is an escape hatch in the floor here.
A steam dragon is nearby!
Casting: Ensorcelled Hibernation (safe; 5% risk of failure)
Confirm with . or Enter, or press ? or * to list all spells.
Aiming: Ensorcelled Hibernation (safe; 5% risk of failure)
Press: ? - help, Shift-Dir - straight line, f - steam dragon
Aim: a steam dragon (wandering, hasn't noticed you, chance to affect: 49%)
The steam dragon hisses angrily.
The steam dragon looks drowsy...
The helpless steam dragon fails to defend itself.
You hit the steam dragon.
The steam dragon is lightly wounded.
The steam dragon completely misses you. The steam dragon misses you.
You hit the steam dragon but do no damage.
The steam dragon is lightly wounded.
The steam dragon barely misses you. The steam dragon completely misses you.
The steam dragon breathes steam at you. The ball of steam hits you!
Ouch! That really hurt!
You are engulfed in a cloud of scalding steam.
You are engulfed in a cloud of scalding steam.
* * * LOW HITPOINT WARNING * * *
You are engulfed in a cloud of scalding steam.
Really walk into that cloud of steam? [Y]es or [N]o only, please.
Really walk into that cloud of steam? [Y]es or [N]o only, please.
Really walk into that cloud of steam? [Y]es or [N]o only, please.
Really walk into that cloud of steam?
Okay, then.
The steam dragon breathes steam at you. The ball of steam hits you!
You die...
Your body rises from the dead as a mindless zombie.

#.....#....# #.......#
#...§.#<...# #...##..#
#.....#...###+##...#####
#.....#...##..##....#..#
#.....#.......#.....#..#
#.....#.......#.....#..#
#.....#.......#....##..#
#.....#.......#....##..#
#..D..#......@'.....#..#
#.....#.....§§#.....'..#
#.....#.....§.#..[..#..#
#.....#....§..#.....#..#
#.....#.......#.....#..#
#.....#...D...#<....#..#
#.....#.......#.....#..#
#.....#.......#.....#..#
#.....#.......#.....#..#


There were no monsters in sight!

Vanquished Creatures
  A phantom (D:4)
  A necrophage (D:3)
  A hound (D:4)
  An orc wizard (D:4)
  3 gnolls (D:3)
  4 adders
  An adder zombie (D:3)
  5 worms
  A dart slug (D:2)
  5 orcs
  6 bats
  6 endoplasms
  12 giant cockroaches
  10 goblins
  7 hobgoblins
  7 jackals
  3 quokkas
  4 ball pythons
  6 frilled lizards
  A goblin zombie (D:3)
  2 kobolds (D:1)
  6 rats
93 creatures vanquished.

Vanquished Creatures (collateral kills)
  A gnoll (D:3)
  An adder (D:2)
  An orc (D:4)
  2 endoplasms (D:4)
  A giant cockroach (D:3)
  2 goblins (D:3)
  A ball python (D:2)
  A rat (D:2)
10 creatures vanquished.

Vanquished Creatures (others)
  2 dancing weapons (D:3)
  3 adder zombies
  3 worm zombies
  A bat zombie (D:2)
  3 gnoll zombies (D:3)
  An endoplasm zombie (D:2)
  3 giant cockroach zombies
  A goblin zombie (D:2)
  5 jackal zombies
  2 orc zombies (D:3)
  A quokka zombie (D:3)
  2 rat zombies (D:2)
  2 fungi (D:1)
  A plant (D:1)
30 creatures vanquished.

Grand Total: 133 creatures vanquished

Notes
Turn   | Place    | Note
-------+----------+-------------------------------------------
     0 | D:1      | drpainis the Spriggan Enchanter began the quest for the
                  | Orb.
     0 | D:1      | Reached XP level 1. HP: 9/9 MP: 5/5
   201 | D:1      | Reached XP level 2. HP: 13/13 MP: 6/6
   306 | D:1      | Reached skill level 5 in Stealth
   418 | D:1      | Found a faded altar of an unknown god.
   429 | D:1      | Prayed at the altar of an unknown god.
   429 | D:1      | Became a worshipper of Yredelemnul the Dark
   976 | D:1      | Reached * piety under Yredelemnul
  1196 | D:2      | Reached XP level 3. HP: 16/16 MP: 8/8
  1517 | D:1      | Learned a level 2 spell: Ensorcelled Hibernation
  1521 | D:1      | Learned a level 3 spell: Confusing Touch
  1525 | D:1      | Learned a level 3 spell: Tukima's Dance
  2019 | D:2      | Reached skill level 6 in Stealth
  2051 | D:2      | Reached XP level 4. HP: 15/21 MP: 6/9
  2574 | D:3      | Identified the +2 robe of the Modern Tusks {rElec rC+ Will+
                  | Dex+4}
  2676 | D:3      | Reached skill level 1 in Ice Magic
  2968 | D:3      | Reached XP level 5. HP: 24/24 MP: 6/10
  3844 | D:3      | Found a shadowy altar of Dithmenos.
  3974 | D:3      | Learned a level 1 spell: Necrotise
  4163 | D:4      | Reached skill level 5 in Hexes
  4163 | D:4      | Reached XP level 6. HP: 28/28 MP: 8/12
  4632 | D:4      | Reached skill level 7 in Stealth
  5253 | D:5      | Entered Level 5 of the Dungeon
  5309 | D:5      | Noticed a steam dragon
  5555 | D:5      | Killed from afar by a steam dragon

Illustrated notes

Levels and vault maps discovered:
D:1:      matt_arrival_diagonals, layout_basic,
          shapermc_ecumenical_altar_acropolis, minmay_worlds_worst_comb
D:2:      layout_loops_ring, grunt_decor_cap
D:3:      layout_basic, grunt_dithmenos_smoke_and_mirrors,
          chequers_serial_rivers_large_a, minmay_fractal_squares_5
D:4:      layout_basic
D:5:      layout_gridville, temple_doors_e, palyth_stone_intersect

Skill      XL: |  1  2  3  4  5  6 |
---------------+-------------------+-----
Stealth        | 5 6 7 |  7.1
Dodging        | 3 |  3.9
Hexes          | 4 5 |  5.1
Spellcasting   | 3 4 |  4.3
Ice Magic      | 1 |  1.6
Short Blades   | 2 |  2.0
Fighting       | |  0.1
Necromancy     | |  0.5
Invocations    | |  0.1

Action                   |  1- 3 |  4- 6 || total
-------------------------+-------+-------++-------
Melee: Dagger            |    87 |   114 ||   201
       Staff             |       |     3 ||     3
 Cast: Ensorcelled Hiber |    10 |    48 ||    58
       Tukima's Dance    |       |     4 ||     4
       Confusing Touch   |       |     2 ||     2
       Necrotise         |       |     9 ||     9
Invok: Recall Undead Har |       |     4 ||     4
  Use: Scroll            |       |     3 ||     3
 Stab: Sleeping          |    23 |    38 ||    61
Armor: Robe              |     5 |    21 ||    26
Dodge: Dodged            |    40 |    87 ||   127

Table legend: (Time is in decaauts)
 A = Elapsed time spent in this place.
 B = Non-inter-level travel time spent in this place.
 C = Inter-level travel time spent in this place.
 D = Time resting spent in this place.
 E = Time spent auto-exploring this place.
 F = Levels seen in this place.
 G = Mean time per level.
                   A        B        C        D        E       F      G
               +--------+--------+--------+--------+--------+-----+--------+
         Total |   4178 |   4124 |     54 |   1241 |   1557 |   5 |  835.6 |
       Dungeon |   4178 |   4124 |     54 |   1241 |   1557 |   5 |  835.6 |
               +--------+--------+--------+--------+--------+-----+--------+

Top non-repeatable levels by time:
     D:1: 1200 daAuts
     D:3: 1070 daAuts
     D:4: 860 daAuts
     D:2: 818 daAuts
     D:5: 228 daAuts
